 Dungeon Crawl Stone Soup version 0.26-a0-651-gb41185065b (webtiles) character file.

Game seed: 9443483819981705399

1320 Peloso the Slasher (level 8, -20/70 HPs)
             Began as a Minotaur Fighter on Sept 30, 2020.
             Was an Initiate of Okawaru.
             Demolished by an ogre
             ... wielding a +0 giant club
              (25 damage)
             ... on level 5 of the Dungeon.
             The game lasted 00:10:52 (5130 turns).

Peloso the Slasher (Minotaur Fighter)               Turns: 5130, Time: 00:10:52

Health: -20/70     AC: 10    Str: 22    XL:     8   Next: 33%
Magic:  7/7        EV:  7    Int:  5    God:    Okawaru [......]
Gold:   61         SH: 11    Dex: 11    Spells: 7/7 levels left

rFire    . . .     SeeInvis .   a - +0 long sword
rCold    . . .     Faith    .   c - +0 kite shield
rNeg     . . .     Spirit   .   l - +0 chain mail
rPois    .         Reflect  .   (helmet restricted)
rElec    .         Harm     .   (no cloak)
rCorr    .         Rampage  .   (no gloves)
MR       .....                  (no boots)
Stlth    ..........             o - amulet of the acrobat
HPRegen  0.21/turn              (no ring)
MPRegen  0.10/turn              (no ring)

@: no status effects
A: retaliatory headbutt, horns 2
a: Renounce Religion


You were on level 5 of the Dungeon.
You worshipped Okawaru.
Okawaru was noncommittal.
You visited 2 branches of the dungeon, and saw 6 of its levels.

You collected 274 gold pieces.
You spent 213 gold pieces at shops.

Inventory:

Hand Weapons
 a - a +0 long sword (weapon)
Missiles
 t - 106 bolts
Armour
 b - a +0 scale mail
 c - a +0 kite shield (worn)
 l - a +0 chain mail (worn)
Jewellery
 o - an amulet of the acrobat (around neck)
Wands
 f - a wand of flame (31)
 z - a wand of random effects (10)
Scrolls
 e - 3 scrolls of identify
 g - a scroll of fog {unknown}
 h - a scroll of random uselessness {unknown}
 i - 3 scrolls of teleportation
 j - a scroll of magic mapping {unknown}
 k - 2 scrolls of immolation {unknown}
 m - a scroll of blinking {unknown}
 n - 2 scrolls of remove curse
 p - 2 scrolls of amnesia
 r - a scroll of enchant armour {unknown}
 w - 2 scrolls of holy word {unknown}
 x - a scroll of enchant weapon {unknown}
 y - a scroll of noise
 D - a scroll of fear {unknown}
Potions
 d - a potion of might
 q - a potion of brilliance
 s - a potion of mutation
 u - a potion of haste
 v - a potion of ambrosia
 A - a potion of resistance {unknown}
 B - a potion of curing
 C - a potion of flight {unknown}


   Skills:
 + Level 5.7 Fighting
 + Level 7.9 Long Blades
 + Level 6.2 Armour
 + Level 1.8 Dodging
 + Level 0.5 Stealth
 + Level 7.2 Shields


You had 7 spell levels left.
You didn't know any spells.
Your spell library was empty.

Dungeon Overview and Level Annotations

Branches:
Dungeon (5/15)             Temple (1/1) D:5

Altars:
Ashenzari
Cheibriados
Dithmenos
Gozag
Makhleb
Okawaru
Qazlal
Ru
Uskayaw
Vehumet
Wu Jian
Yredelemnul
Zin

Shops:
D:4 **[

Annotations:
D:4 cappello alchimista


Innate Abilities, Weirdness & Mutations

You reflexively headbutt those who attack you in melee.
You have a pair of horns on your head.


Message History

The ogre is lightly wounded.
You hit the ogre. Your headbutt misses the ogre.
The ogre is moderately wounded.
The ogre barely misses you.
You slash the ogre! Your headbutt misses the ogre.
The ogre is heavily wounded.
The ogre hits you with a +0 giant club!!
You barely miss the ogre.
The ogre is heavily wounded.
You block the ogre's attack.
You hit the ogre. You headbutt the ogre.
The ogre is almost dead.
The ogre hits you with a +0 giant club!!
* * * LOW HITPOINT WARNING * * *
You barely miss the ogre.
The ogre is almost dead.
You barely miss the ogre.
The ogre is almost dead.
The ogre hits you with a +0 giant club!!
You die...

..........#...))#....####........
.<.##..#####.>)#####..##....#.#.#
.#........#.....#......##.###...#
###...#..#...#...#..#....... ..#
##...#....###....##......####.#
#.......#.#.#..##..#......#...
#.........#.....#..#..........
#......##..#........##......(#
##.....###....@O.............#
####.......#..##.........##)..
###..#.....#..........##.).
##.##....[..............# #
####(...............#
#.....##..#..##..#
.......###.##.# .)# ......##
###### ... ...#.## .


You could see an ogre.

Vanquished Creatures
  A steam dragon (D:5)
  Duvessa (D:4)
  An ogre (D:5)
  A centaur (D:5)
  Dowan (D:4)
  A scorpion (D:5)
  A howler monkey (D:4)
  A jelly (D:5)
  5 orc priests
  3 hounds
  3 orc wizards (D:3)
  2 iguanas
  4 worker ants
  Terence (D:3)
  A hound skeleton (D:4)
  A worker ant zombie (D:5)
  2 gnolls
  9 adders
  An ufetubus (D:4)
  An adder skeleton (D:5)
  5 worms
  3 dart slugs
  16 orcs
  2 giant cockroaches (D:3)
  12 goblins
  8 hobgoblins
  6 jackals
  8 kobolds
  4 quokkas
  6 bats
  6 frilled lizards
  5 rats
122 creatures vanquished.

Vanquished Creatures (others)
  3 plants (D:5)
3 creatures vanquished.

Grand Total: 125 creatures vanquished

Notes
Turn   | Place    | Note
-------+----------+-------------------------------------------
     0 | D:1      | Peloso the Minotaur Fighter began the quest for the Orb.
     0 | D:1      | Reached XP level 1. HP: 19/19 MP: 0/0
   198 | D:1      | Reached XP level 2. HP: 25/27 MP: 1/1
   384 | D:1      | Reached XP level 3. HP: 28/33 MP: 2/2
  1128 | D:2      | Reached XP level 4. HP: 37/40 MP: 3/3
  1683 | D:3      | Noticed Terence
  1686 | D:3      | Killed Terence
  1711 | D:3      | Reached XP level 5. HP: 39/47 MP: 4/4
  1718 | D:3      | Reached skill level 5 in Armour
  1718 | D:3      | Reached skill level 1 in Dodging
  1941 | D:3      | Reached XP level 6. HP: 25/53 MP: 5/5
  2503 | D:3      | Reached skill level 5 in Shields
  2645 | D:4      | Reached skill level 5 in Long Blades
  2655 | D:4      | Noticed Dowan
  2657 | D:4      | Noticed Duvessa
  2713 | D:4      | Killed Duvessa
  2919 | D:4      | Killed Dowan
  2919 | D:4      | Reached XP level 7. HP: 25/60 MP: 6/6
  3175 | D:4      | Found Ikelevet's Assorted Antiques.
  3183 | D:4      | Bought a white potion for 24 gold pieces
  3183 | D:4      | Bought a fizzy blue potion for 24 gold pieces
  3183 | D:4      | Bought a scroll labeled FURYBL ITHROR for 27 gold pieces
  3183 | D:4      | Bought a scroll labeled FURYBL ITHROR for 27 gold pieces
  3183 | D:4      | Bought a scroll labeled CEAGETIP OHUFE for 27 gold pieces
  3214 | D:4      | Found Xyforr's Antique Armour Boutique.
  3242 | D:4      | Found Efeapeap's General Store.
  3250 | D:4      | Bought a scroll of teleportation for 36 gold pieces
  3250 | D:4      | Bought a scroll of noise for 12 gold pieces
  3250 | D:4      | Bought a scroll of remove curse for 36 gold pieces
  3412 | D:4      | Reached skill level 5 in Fighting
  3831 | D:5      | Entered Level 5 of the Dungeon
  3831 | D:5      | Noticed a steam dragon
  3853 | D:5      | Found a staircase to the Ecumenical Temple.
  3864 | D:5      | Killed a steam dragon
  4142 | Temple   | Entered the Ecumenical Temple
  4279 | Temple   | Became a worshipper of Warmaster Okawaru
  4327 | D:5      | Reached XP level 8. HP: 68/68 MP: 7/7
  4629 | D:5      | Found a hide-covered altar of Uskayaw.
  5130 | D:5      | Demolished by an ogre

Illustrated notes

Levels and vault maps discovered:
D:1:      lemuel_arrival_river_ford, layout_basic
D:2:      layout_loops_ring, solitary_fountain
D:3:      layout_loops_ring, uniq_terence
D:4:      layout_loops_ring, serial_shops, nicolae_shop_stone,
          nicolae_shop_stone, kennysheep_little_box, minmay_unequal,
          uniq_duvessa
D:5:      layout_cave_pools, eat_drink_and_be_merry_uskayaw,
          minmay_temple_entry_arrows, serial_bayou_crossing
Temple:   regret_index_temple_chain_breaker

Skill      XL: |  1  2  3  4  5  6  7  8 |
---------------+-------------------------+-----
Armour         | 4 5 6 |  6.2
Fighting       | 4 5 |  5.7
Shields        | 4 5 6 7 |  7.2
Long Blades    | 3 4 5 7 |  7.9
Dodging        | 1 |  1.8
Stealth        | |  0.5

Action                   |  1- 3 |  4- 6 |  7- 9 || total
-------------------------+-------+-------+-------++-------
Melee: Long sword        |    77 |   128 |   155 ||   360
       Headbutt          |    16 |    26 |    35 ||    77
  Use: Potion            |     2 |       |     1 ||     3
       Scroll            |       |     3 |     4 ||     7
Armor: Scale mail        |    33 |       |       ||    33
       Chain mail        |    17 |    62 |    50 ||   129
Dodge: Dodged            |    36 |    33 |    54 ||   123
Block: Kite shield       |    56 |    68 |    85 ||   209
       Rpst.: Long sword |     6 |     7 |    18 ||    31

Table legend: (Time is in decaauts)
 A = Elapsed time spent in this place.
 B = Non-inter-level travel time spent in this place.
 C = Inter-level travel time spent in this place.
 D = Time resting spent in this place.
 E = Time spent auto-exploring this place.
 F = Levels seen in this place.
 G = Mean time per level.
                   A        B        C        D        E       F      G
               +--------+--------+--------+--------+--------+-----+--------+
         Total |   5230 |   5134 |     96 |    444 |   3595 |   6 |  871.7 |
       Dungeon |   5071 |   4975 |     96 |    444 |   3462 |   5 | 1014.2 |
        Temple |    158 |    158 |      0 |      0 |    133 |   1 |  158.0 |
               +--------+--------+--------+--------+--------+-----+--------+

Top non-repeatable levels by time:
     D:4: 1347 daAuts
     D:3: 1326 daAuts
     D:5: 887 daAuts
     D:1: 842 daAuts
     D:2: 667 daAuts
  Temple: 158 daAuts
